 Dungeon Crawl Stone Soup version 0.28.0-53-g5a82cb258f (console) character file.

Game seed: 11373597088949061125

62 erker the Sneak (level 4, 0/27 HPs)
             Began as an Octopode Enchanter on July 18, 2022.
             Slain by a hound (2 damage)
             ... on level 3 of the Dungeon.
             The game lasted 00:05:29 (1992 turns).

erker the Sneak (Octopode Enchanter)                Turns: 1992, Time: 00:05:29

Health: 0/27       AC:  1    Str:  7    XL:     4   Next: 8%
Magic:  7/7        EV: 13    Int: 19    God:
Gold:   84         SH:  0    Dex: 12    Spells: 5/7 levels left

rFire   . . .      SeeInvis .   a - +1 dagger
rCold   . . .      Faith    .   (no shield)
rNeg    . . .      Spirit   .   p - +0 hat
rPois   .          Reflect  .   t - amulet of the acrobat
rElec   .          Harm     .   (no ring)
rCorr   .          Rampage  .   (no ring)
Will    .....                   (no ring)
Stlth   +++.......              (no ring)
HPRegen 0.09/turn               (no ring)
MPRegen 0.10/turn               (no ring)
                                (no ring)
                                (no ring)

@: no status effects
A: almost no armour, amphibious, 8 rings, camouflage 1, gelatinous body 1,
(nimble swimmer 1), tentacles
a: no special abilities


You were on level 3 of the Dungeon.
You visited 1 branch of the dungeon, and saw 3 of its levels.

You collected 84 gold pieces.

Inventory:

Hand Weapons
 a - a +1 dagger (weapon)
 b - a +0 arbalest
Missiles
 g - 3 javelins (quivered)
 m - 4 boomerangs
 n - 27 stones
 r - 13 bolts
Armour
 p - a +0 hat (worn)
Magical Staves
 c - a staff of air
Jewellery
 t - an amulet of the acrobat (around mantle)
Scrolls
 f - a scroll of noise {unknown}
 j - a scroll of identify {unknown}
 k - 2 scrolls of teleportation {unknown}
 l - a scroll of fog {unknown}
 o - a scroll of immolation {unknown}
 q - a scroll of holy word {unknown}
Potions
 d - 3 potions of degeneration {unknown}
 e - a potion of curing {unknown}
 h - a potion of invisibility
 i - a potion of berserk rage {unknown}
 s - 2 potions of resistance {unknown}


   Skills:
 - Level 1.0 Short Blades
 - Level 2.0 Dodging
 - Level 4.0 Stealth
 - Level 2.0 Spellcasting
 - Level 4.0 Hexes
 + Level 2.4 Ice Magic


You had 5 spell levels left.
You knew the following spells:

 Your Spells              Type           Power      Damage    Failure   Level
z - Ensorcelled Hibernat  Hex/Ice        28%        N/A       7%          2

Your spell library contained the following spells:

 Spells                   Type           Power      Damage    Failure   Level
 Confusing Touch          Hex            17%        N/A       10%         3
 Tukima's Dance           Hex            17%        N/A       10%         3
 Pain                     Necr           4%         1d4       17%         1
 Dazzling Flash           Conj/Hex       18%        N/A       22%         3
 Sublimation of Blood     Necr           1%         N/A       26%         2
 Wereblood                Tmut           1%         N/A       26%         2
 Agony                    Necr           1%         N/A       99%         5
 Excruciating Wounds      Necr           0%         N/A       99%         5
 Summon Hydra             Summ           0%         N/A       100%        7


Dungeon Overview and Level Annotations

Branches:
Dungeon (3/15)

Altars:
Elyvilon


Innate Abilities, Weirdness & Mutations

You cannot wear most types of armour.
You are amphibious.
You can wear up to eight rings at the same time.
Your skin changes colour to match your surroundings (Stealth+).
Your rubbery body absorbs attacks. (AC +1, EV +1)
((You are camouflaged when in or above water. (Stealth+)))
You have tentacles for arms and can constrict up to eight enemies at once.


Message History

The hound closely misses you.
You release your grip on the hound.
The hound completely misses you. The hound barely misses you.
The hound completely misses you.
Your magical contamination has completely faded away.
The hound completely misses you. The hound completely misses you.
The hound closely misses you. The hound completely misses you.
The hound completely misses you. The hound completely misses you.
The hound pauses to sniff the ground.
The hound completely misses you. The hound bites you.
* * * LOW HITPOINT WARNING * * *
The hound barely misses you. The hound misses you.
The ogre shouts!
The hound completely misses you. The hound completely misses you.
The hound completely misses you. The hound misses you. The hound misses you.
The hound completely misses you. The hound closely misses you.
The hound stops to sniff the ground.
The hound completely misses you. The hound misses you.
The hound closely misses you. The hound completely misses you.
The hound closely misses you. The hound closely misses you.
The hound completely misses you. The hound completely misses you.
The hound completely misses you. The hound bites you.
* * * LOW HITPOINT WARNING * * *
The hound misses you. The hound completely misses you.
You open the door. The hound bites you.
You die...

.########.# ###.# ##≈..♣..≈#.##
..........# #...# ##..........#.
########### #.#####...♣._.♣...#.
..........####.#.............O.#
'######...........####≈..♣..≈#.#
..#####...........# #≈≈...≈≈#.#.
..................# ###...###.#.
.......##.####+#'## #.##.## #.##
...............#@# #....# #.#
.#...........###h#####.#######.##
.............+...................
.............####.............O..
..#########+#.###......#####.#...
>............<.........# #.#...
#.#########.#.###......# #.#...
#.# #.#..........#####.#..) #.# #
#####......##....#...


You could see a hound.

Vanquished Creatures
  A hound (D:3)
  2 dart slugs (D:2)
  A bat (D:2)
  4 endoplasms
  6 goblins
  A hobgoblin (D:1)
  A quokka (D:3)
  6 ball pythons
  A rat (D:1)
23 creatures vanquished.

Notes
Turn   | Place    | Note
-------+----------+-------------------------------------------
     0 | D:1      | erker the Octopode Enchanter began the quest for the Orb.
     0 | D:1      | Reached XP level 1. HP: 11/11 MP: 3/3
   390 | D:1      | Reached XP level 2. HP: 17/17 MP: 5/5
   393 | D:1      | Learned a level 2 spell: Ensorcelled Hibernation
  1094 | D:2      | Reached skill level 1 in Ice Magic
  1424 | D:2      | Reached XP level 3. HP: 18/21 MP: 6/6
  1646 | D:3      | Found a white marble altar of Elyvilon.
  1709 | D:3      | Reached XP level 4. HP: 19/27 MP: 7/7
  1840 | D:3      | Noticed an ogre
  1992 | D:3      | Slain by a hound

Illustrated notes

Levels and vault maps discovered:
D:1:      matt_arrival_spirals, layout_rooms, serial_corexii_hall,
          corexii_hall_statues_i, chequers_hall_statues_corner_a,
          chequers_hall_statues_y, chequers_hall_statues_wall_a,
          corexii_hall_statues_l, chequers_hall_statues_corner_a,
          chequers_big_river, minmay_liquid_box
D:2:      layout_basic, serial_bayou, serial_bayou_crossing,
          serial_bayou_pond_c, serial_bayou_ford_a, serial_bayou_pond_a,
          serial_bayou_pond_d
D:3:      layout_basic, elyvilon_altar_4, basic_ecumenical_altar,
          chequers_jeans, minivault_11

Skill      XL: |  1  2  3 |
---------------+----------+-----
Ice Magic      | 1 2 |  2.4
Hexes          | 4 |  4.0
Short Blades   | |  1.0
Dodging        | |  2.0
Stealth        | |  4.0
Spellcasting   | |  2.0

Action                   |  1- 3 |  4- 6 || total
-------------------------+-------+-------++-------
Melee: Dagger            |    37 |     4 ||    41
       Constrict         |     7 |     1 ||     8
       Tentacles         |     5 |     1 ||     6
       Punch             |     1 |       ||     1
 Cast: Ensorcelled Hiber |     3 |     2 ||     5
 Stab: Sleeping          |    12 |     1 ||    13
Armor: Skin              |     2 |       ||     2
Dodge: Dodged            |    15 |    34 ||    49
